Chai, chaotic male elven Priest u# @ ### . # -|-- ### ## ....| # # |.{..- -- ----- -.-|-------- ####)%..........-..| |.....>^...| # |....- -- | | |...%......-### )-+-- |..........|### | |........... # |..........| #### |..........| ------------ Chai the Adept Experience level: 6 Strength: 15 Dexterity: 9 Constitution: 9 Intelligence: 10 Wisdom: 20 Charisma: 11 Health: 0(45) Energy: 92(92) Def: 7 Gold: 299 Moves: 1631 Dungeon seed: dnu2XJleRAlGJjes Game ID: Chai_1614728330 Your Inventory: Coins $ - 299 gold pieces Weapons a - a blessed +1 mace (weapon in hand) v - a +0 elven dagger A - a +0 bow B - 2 blessed +0 daggers (in quiver) C - a blessed +1 dagger D - 6 +0 daggers Armor e - a +0 robe (being worn) n - a +0 small shield (being worn) y - a blessed +0 orcish helm (being worn) I - a blessed +1 pair of iron shoes (being worn) Comestibles c - 2 cloves of garlic d - a sprig of wolfsbane w - 5 food rations M - a fortune cookie Q - a carrot Scrolls l - a cursed scroll of remove curse q - a scroll of enchant weapon s - a blessed scroll of confuse monster Spellbooks f - a spellbook of identify g - a spellbook of clairvoyance m - a spellbook of levitation Potions b - 5 potions of holy water Wands k - a wand of probing (0:4) o - a wand of speed monster (0:2) Tools h - an oil lamp (0:1312) i - a wooden harp u - a +0 pick-axe z - 10 wax candles (0:400) F - a magic marker (0:83) K - a brass lantern (0:1136) Gems r - 2 worthless pieces of green glass J - a worthless piece of orange glass L - 2 worthless pieces of yellowish brown glass N - a worthless piece of red glass P - an agate stone Y - 2 worthless pieces of blue glass Spells and supernatural/magical abilities: Name Level Category Fail Memory v - clairvoyance 3 divination 63% 92% I - identify 3 divination 63% 92% L - levitation 4 escape 89% 94% W - pray for help -- divine ? -- X - turn undead -- divine ? -- Your skills at the end: Fighting Skills Weapon Skills mace [Basic] Spellcasting Skills clerical spells [Basic] Final Attributes: You were piously aligned. You were sleep resistant. You had infravision. You were fast. You are dead. Vanquished creatures: a gnome king a dwarf lord a gnome lord 3 gnomish wizards a golden naga hatchling a kitten 6 dwarves 2 orc zombies a killer bee a gas spore 3 hobbits a hobgoblin 2 giant rats 23 gnomes 2 jackals a lichen 8 newts 58 creatures vanquished. Voluntary challenges: You used a wielded weapon 71 times, starting on turn 12. You read items or engraved 14 times, starting on turn 7. You never genocided any monsters. You never polymorphed an object. You never changed form. You used no wishes. You never split a pudding. You never wrote Elbereth's name. You never violated your personal moral code. Dungeon overview: The Dungeons of Doom: levels 1 to 2 Level 1 a long staircase Level 2 a scroll shop, a fountain stairs to The Gnomish Mines The Gnomish Mines: levels 3 to 6 Level 3 stairs to The Dungeons of Doom Level 4 Level 5 <- You were here a fountain Level 6 History has recorded: On T:1 you entered the Dungeons of Doom to retrieve the Amulet of Yendor! On T:209 you reached level 2 of The Dungeons of Doom. On T:658 you reached level 1 of The Gnomish Mines. On T:671 you advanced to experience level 2. On T:798 you advanced to experience level 3. On T:843 you advanced to experience level 4. On T:1092 you reached level 2 of The Gnomish Mines. On T:1192 you advanced to experience level 5. On T:1312 you reached level 4 of The Gnomish Mines. On T:1470 you advanced to experience level 6. On T:1511 you reached level 3 of The Gnomish Mines. Score breakdown: Gold: 299 ( 8426 points) Experience: 6 levels (12456 points) Exploration: 6 levels ( 12.00%) ( 9583 points) Discoveries: 6 items ( 2.11%) ( 4352 points) Valuables value: (no points given unless you survive) Artifact value: 0 ( 0 points) Variety of kills: 17 monsters ( 4.46%) ( 6336 points) Turncount: 1631 turns ( 0 points) Survival: died (score multiplied by 80%) Total score: 32922 Latest messages: Calling upon Anshar, you chant an arcane formula. Mint's ghost resists! Mint's ghost touches you! The pony misses the floating eye. The pony is frozen by the floating eye's gaze! You hit Mint's ghost! Mint's ghost touches you! You miss Mint's ghost. (5x) Mint's ghost touches you! You miss Mint's ghost. (4x) Mint's ghost touches you! You miss Mint's ghost. You hit Mint's ghost! You miss Mint's ghost. (2x) Mint's ghost touches you! You miss Mint's ghost. (5x) Mint's ghost touches you! That is a silly thing to drink. You yawn. You hear some noises in the distance. The black unicorn butts! You die... Final status: Goodbye Chai the Priest, killed by a black unicorn... You died in The Gnomish Mines on dungeon level 5 with 32922 points, and 299 pieces of gold, after 1631 moves. You were level 6 with a maximum of 45 hit points when you died.